 Dungeon Crawl Stone Soup version 0.31.0-10-gcf4a605ca0 (webtiles) character file.

Game seed: 16310092565143454145

86 jestert79 the Ruffian (level 4, -9/32 HPs)
             Began as a Formicid Wanderer on Jan 25, 2024.
             Killed by divine providence
             ... invoked by an orc priest
              (17 damage)
             ... on level 2 of the Dungeon.
             The game lasted 00:04:27 (1979 turns).

jestert79 the Ruffian (Formicid Wanderer)           Turns: 1979, Time: 00:04:28

Health: -9/32      AC:  3    Str: 17    XL:     4   Next: 77%
Magic:  8/8        EV: 11    Int: 17    God:
Gold:   87         SH:  0    Dex:  9    Spells: 6/9 levels left

rFire   . .          .
                       - Unarmed
rCold   . . .        (no shield)
rNeg    . . .        d - +0 leather armour
rPois   .            (helmet unavailable)
rElec   .            (no cloak)
rCorr   .            (no gloves)
SInv    +            (no boots)
Will    .....        (no amulet)
Stlth   +            (no ring)
HPRegen 0.25/turn    (no ring)
MPRegen 0.11/turn

%: no passive effects
@: no status effects
A: permanent stasis, dig shafts and tunnels, antennae 3, four strong arms
a: Dig, Shaft Self


You were on level 2 of the Dungeon.
You visited 1 branch of the dungeon, and saw 2 of its levels.

You collected 87 gold pieces.

Inventory:

Missiles
 b - 12 poisoned darts (quivered)
Armour
 d - a +0 leather armour (worn)
Scrolls
 a - 2 scrolls of vulnerability {unknown}
 c - a scroll of fear
 e - a scroll of fog {unknown}
 f - 2 scrolls of enchant weapon {unknown}
 g - a scroll of blinking {unknown}
 k - 3 scrolls of enchant armour {unknown}
 l - a scroll of identify {unknown}
Potions
 h - a potion of heal wounds {unknown}
 i - a potion of degeneration {unknown}
 j - a potion of attraction {unknown}
 m - a potion of might {unknown}
 n - a potion of brilliance {unknown}


   Skills:
 - Level 1.1 Fighting
 - Level 1.0 Throwing
 - Level 1.1 Armour
 - Level 1.0 Dodging
 + Level 4.0 Unarmed Combat
 - Level 3.2 Spellcasting
 - Level 2.4 Hexes
 - Level 1.0 Air Magic


You had 6 spell levels left.
You knew the following spells:

 Your Spells              Type           Power      Damage    Failure   Level
a - Mephitic Cloud        Conj/Alch/Air  3%         N/A       47%         3

Your spell library contained the following spells:

 Spells                   Type           Power      Damage    Failure   Level
 Slow                     Hex            44%        N/A       8%          1
 Shock                    Conj/Air       16%        1d4       17%         1
 Sigil of Binding         Hex            11%        N/A       22%         3
 Dazzling Flash           Conj/Hex       12%        N/A       36%         3


Dungeon Overview and Level Annotations

Branches:
Dungeon (2/15)

Altars:
Zin

Shops:
D:2 [


Innate Abilities, Weirdness & Mutations

You cannot be hasted, slowed, berserked, paralysed or teleported.
You can dig through walls and to a lower floor.
You have a pair of large antennae on your head. (SInv)
Your four strong arms can wield two-handed weapons with a shield.


Message History

Unknown command.
You hit the ribbon worm.
The ribbon worm is moderately wounded.
The ribbon worm bites you.
You punch the ribbon worm!
The ribbon worm is severely wounded.
You hit the ribbon worm.
You kill the ribbon worm!
Your Unarmed Combat skill increases to level 4!
You start resting.
HP restored.
b - 7 poisoned darts (gained 1)
b - 8 poisoned darts (gained 1)
b - 9 poisoned darts (gained 1)
You see here a +0 mace.
b - 10 poisoned darts (gained 1)
b - 12 poisoned darts (gained 2)
There is an open door here.
An orc priest is nearby!
An orc priest is nearby!
An orc priest is nearby!
An orc priest is nearby!
The orc priest shouts!
The orc priest invokes the aid of Beogh against you.
Beogh smites you!
You hit the orc priest but do no damage.
The orc priest mumbles some strange prayers to Beogh against you.
Beogh smites you!
You closely miss the orc priest. You closely miss the orc priest.
The orc priest hits you with a +0 whip.
* * * LOW HITPOINT WARNING * * *
You hit the orc priest but do no damage.
The orc priest hits you with a +0 whip.
* * * LOW HITPOINT WARNING * * *
You hit the orc priest.
The orc priest is moderately wounded.
The orc priest invokes the aid of Beogh against you.
Beogh smites you!
Ouch! That really hurt!
You die...

####....#..............#
...{.##................#
#.....###...........[..#
#.....# ##.####.###....#
#.....# #...##.# #....#
......# ###.##.# ##'###
#.....# #.##.####.#
#.....######.##.#....#
#......รท......>.@o####
......######.........#
......# #.........#
......# #.........#
......# ####.........#
......# #............#
####### #............#
#.....[......#
#.#<.........#


You could see an orc priest.

Vanquished Creatures
  An orc priest (D:2)
  An adder (D:2)
  3 ribbon worms (D:2)
  A dart slug (D:1)
  2 orcs
  4 endoplasms
  3 hobgoblins (D:1)
  2 quokkas
  7 ball pythons
  5 bats
  6 frilled lizards
  3 kobolds
38 creatures vanquished.

Notes
Turn   | Place    | Note
-------+----------+-------------------------------------------
     0 | D:1      | jestert79 the Formicid Wanderer began the quest for the
                  | Orb.
     0 | D:1      | jestert79 set off with the following items: a +0 dagger, 12
                  | poisoned darts, a scroll of fear, a +0 leather armour; and
                  | the following spells available to memorise: Slow, Shock,
                  | Sigil of Binding, Dazzling Flash, Mephitic Cloud.
     0 | D:1      | Reached XP level 1. HP: 15/15 MP: 4/4
   136 | D:1      | Reached skill level 1 in Unarmed Combat
   202 | D:1      | Reached XP level 2. HP: 13/21 MP: 6/6
   369 | D:1      | Reached skill level 2 in Unarmed Combat
   611 | D:1      | Reached XP level 3. HP: 24/26 MP: 7/7
   615 | D:1      | Learned a level 3 spell: Mephitic Cloud
  1088 | D:2      | Found a glowing silver altar of Zin.
  1296 | D:2      | Found Epu Bue's Antique Armour Emporium.
  1529 | D:2      | Reached skill level 3 in Unarmed Combat
  1598 | D:2      | Reached XP level 4. HP: 31/32 MP: 8/8
  1909 | D:2      | Reached skill level 4 in Unarmed Combat
  1979 | D:2      | Killed from afar by an orc priest

Illustrated notes

Levels and vault maps discovered:
D:1:      enne_arrival_octagon_isle, layout_basic, item_on_display_b
D:2:      layout_basic, serial_shops, shop, basic_altar

Skill      XL: |  1  2  3  4 |
---------------+-------------+-----
Unarmed Combat | 1 2 3 4 |  4.0
Fighting       | |  1.1
Throwing       | |  1.0
Armour         | |  1.1
Dodging        | |  1.0
Spellcasting   | |  3.2
Hexes          | |  2.4
Air Magic      | |  1.0

Action                     |  1- 3 |  4- 6 || total
---------------------------+-------+-------++-------
  Melee: Unarmed           |   207 |    25 ||   232
         Punch             |     3 |       ||     3
  Throw: Dart              |     2 |     8 ||    10
 Armour: Leather armour    |   110 |    11 ||   121
  Dodge: Dodged            |   146 |     7 ||   153
